 Dungeon Crawl Stone Soup version 0.19.5 (webtiles) character file.

310 Jerry the Insei (level 6, -3/43 HPs)
             Began as an Octopode Monk on Apr 17, 2017.
             Slain by a hippogriff (4 damage)
             ... on level 4 of the Dungeon.
             The game lasted 00:08:39 (3046 turns).

Jerry the Insei (Octopode Monk)                     Turns: 3046, Time: 00:08:39

Health: -3/43      AC:  1    Str: 10    XL:     6   Next: 41%
Magic:  6/6        EV: 18    Int: 13    God:
Gold:   101        SH:  0    Dex: 16    Spells: 0 memorised, 5 levels left

rFire  . . .     SeeInvis .       - Unarmed
rCold  . . .     Gourm    .     (no shield)
rNeg   . . .     Faith    .     (helmet restricted)
rPois  .         Spirit   .     (no amulet)
rElec  .         Reflect  .     k - +3 ring of evasion
rCorr  .         Harm     .     (no ring)
MR     .....                    (no ring)
Stlth  +++.......               (no ring)
                                (no ring)
                                (no ring)
                                (no ring)
                                (no ring)

@: no status effects
A: almost no armour, stealthy swim, amphibious, 8 rings, constrict 8, camouflage
1, gelatinous body 1
a: no special abilities


You were on level 4 of the Dungeon.
You were not hungry.

You visited 1 branch of the dungeon, and saw 4 of its levels.

You collected 101 gold pieces.

Inventory:

Hand Weapons
 c - a +3 quarterstaff of chaos
Jewellery
 k - a +3 ring of evasion (left tentacle)
Scrolls
 d - a scroll of amnesia
 e - 2 scrolls of recharging
 i - 2 scrolls of blinking {unknown}
 l - a scroll of identify
 s - a scroll of teleportation {unknown}
Potions
 h - a potion of curing
 j - 3 potions of brilliance {unknown}
 m - a potion of haste
 n - a potion of invisibility {unknown}
 o - 2 potions of magic {unknown}
 p - a potion of agility {unknown}
 r - 2 potions of cancellation {unknown}
Comestibles
 a - 3 bread rations
 b - 2 meat rations
 f - 2 chunks of flesh
 g - a royal jelly
 q - 3 fruits


   Skills:
 + Level 4.2 Fighting
 + Level 4.1 Dodging
 - Level 2.6 Stealth
 * Level 5.5 Unarmed Combat


You had 5 spell levels left.
You didn't know any spells.

Dungeon Overview and Level Annotations

Branches:
Dungeon (4/15)
 Temple: D:4-7

Altars:
Elyvilon
Qazlal
Sif Muna
The Shining One

Annotations:
D:3 Natasha


Innate Abilities, Weirdness & Mutations

You cannot wear most types of armour.
You are very stealthy in the water. (Stealth+)
You are amphibious.
You can wear up to eight rings at the same time.
You can use your tentacles to constrict eight enemies at once.
Your skin changes colour to match your surroundings (Stealth+).
Your rubbery body absorbs attacks. (AC +1, EV +1)


Message History

The hippogriff is heavily wounded.
The hippogriff bites you but does no damage.
The hippogriff closely misses you.
The hippogriff claws you but does no damage.
You tentacle-slap the hippogriff. Your squeeze misses the hippogriff.
The hippogriff is severely wounded.
The hippogriff misses you. The hippogriff pecks you.
* * * LOW HITPOINT WARNING * * *
The hippogriff barely misses you.
You closely miss the hippogriff.
The hippogriff is severely wounded.
The hippogriff barely misses you. The hippogriff pecks you.
* * * LOW HITPOINT WARNING * * *
The hippogriff barely misses you.
You tentacle-slap the hippogriff.
The hippogriff is severely wounded.
The hippogriff bites you.
* * * LOW HITPOINT WARNING * * *
The hippogriff closely misses you. The hippogriff claws you.
You die...

#......##.# #.#.#
#......##.# #.#.#
#......##.# #.#.#
####....##'### #.#.# ##
.............# #.#.#
...#+###.........# #...#
.................# #.###
......!..........###.##.
......H@................
...#+###.##+########.#..
#.# #.#.. #.. #.... #.##
#.#.. ... ..#.. ...
..... #.. ..... ..#..


You could see a hippogriff.

Vanquished Creatures
  Sigmund (D:3)
  Crazy Yiuf (D:2)
  Natasha (D:3)
  2 adders (D:3)
  An adder skeleton (D:4)
  2 worms (D:3)
  A dart slug (D:1)
  6 leopard geckos
  A ball python (D:4)
  3 giant cockroaches
  12 goblins
  6 hobgoblins
  6 bats
  6 frilled lizards
  5 kobolds
  3 rats
  A fungus (D:2)
58 creatures vanquished.

Vanquished Creatures (others)
  A hobgoblin (D:2)
1 creature vanquished.

Grand Total: 59 creatures vanquished

Notes
Turn   | Place    | Note
-------+----------+-------------------------------------------
     0 | D:1      | Jerry the Octopode Monk began the quest for the Orb.
     0 | D:1      | Reached XP level 1. HP: 16/16 MP: 1/1
   357 | D:1      | Reached XP level 2. HP: 21/21 MP: 2/2
   851 | D:1      | Reached XP level 3. HP: 25/26 MP: 3/3
  1070 | D:2      | Found a white marble altar of Elyvilon.
  1767 | D:2      | Found a deep blue altar of Sif Muna.
  1925 | D:2      | Found a runed door.
  1931 | D:2      | Noticed Crazy Yiuf
  1936 | D:2      | Killed Crazy Yiuf
  1936 | D:2      | Reached skill level 4 in Unarmed Combat
  1936 | D:2      | Reached XP level 4. HP: 32/32 MP: 4/4
  1983 | D:3      | Found a glowing golden altar of the Shining One.
  2006 | D:3      | Noticed Natasha
  2021 | D:3      | Killed Natasha
  2147 | D:3      | Found a stormy altar of Qazlal.
  2237 | D:3      | Noticed Sigmund
  2252 | D:3      | Killed Sigmund
  2252 | D:3      | Reached skill level 5 in Unarmed Combat
  2252 | D:3      | Reached XP level 5. HP: 18/37 MP: 5/5
  2252 | D:3      | Reached XP level 6. HP: 21/43 MP: 6/6
  2757 | D:3      | Noticed Natasha
  3029 | D:4      | Noticed a hippogriff
  3046 | D:4      | HP: 1/43 [hippogriff (2)]
  3046 | D:4      | Slain by a hippogriff

Skill      XL: |  1  2  3  4 |
---------------+-------------+-----
Unarmed Combat | 4 5 |  5.5
Fighting       | 4 |  4.2
Dodging        | 4 |  4.1
Stealth        | |  2.6

Action                   |  1- 3 |  4- 6 || total
-------------------------+-------+-------++-------
Melee: Unarmed           |    75 |    63 ||   138
       Constrict         |    23 |    12 ||    35
       Tentacles         |    17 |    12 ||    29
       Punch             |     2 |     2 ||     4
Throw: Stone             |    25 |       ||    25
  Use: Scroll            |     7 |     1 ||     8
       Potion            |     1 |       ||     1
 Stab: Sleeping          |    11 |     6 ||    17
       Distracted        |       |     1 ||     1
  Eat: Chunk             |     3 |     4 ||     7
Armor: Skin              |     3 |     2 ||     5
Dodge: Dodged            |    36 |    50 ||    86
